 Dungeon Crawl Stone Soup version 0.28-a0-674-gdaf460b524 (webtiles) character file.

Game seed: 8807961067985111022

33 Demosthentine the Poker (level 3, -9/28 HPs)
             Began as a Merfolk Gladiator on Oct 17, 2021.
             Mangled by a gnoll (11 damage)
             ... on level 2 of the Dungeon.
             The game lasted 00:01:01 (1216 turns).

Demosthentine the Poker (Merfolk Gladiator)         Turns: 1216, Time: 00:01:01

Health: -9/28      AC:  4    Str: 15    XL:     3   Next: 29%
Magic:  3/3        EV: 13    Int:  7    God:
Gold:   42         SH:  0    Dex: 15    Spells: 2/2 levels left

rFire   . . .      SeeInvis .   a - +0 trident
rCold   . . .      Faith    .   (no shield)
rNeg    . . .      Spirit   .   b - +0 leather armour
rPois   .          Reflect  .   c - +0 helmet
rElec   .          Harm     .   (no cloak)
rCorr   .          Rampage  .   (no gloves)
Will    .....                   (no boots)
Stlth   +.........              (no amulet)
HPRegen 0.09/turn               (no ring)
MPRegen 0.08/turn               (no ring)

@: brilliant
A: (nimble swimmer 2), mertail
a: no special abilities


You were on level 2 of the Dungeon.
You visited 1 branch of the dungeon, and saw 2 of its levels.

You collected 42 gold pieces.

Inventory:

Hand Weapons
 a - a +0 trident (weapon)
Missiles
 d - 3 throwing nets (quivered)
Armour
 b - a +0 leather armour (worn)
 c - a +0 helmet (worn)
Jewellery
 f - a ring of protection from cold
 g - a +6 ring of intelligence


   Skills:
 + Level 2.7 Fighting
 + Level 4.9 Polearms
 - Level 2.0 Throwing
 + Level 0.7 Armour
 + Level 4.5 Dodging


You had 2 spell levels left.
You didn't know any spells.
Your spell library was empty.

Dungeon Overview and Level Annotations

Branches:
Dungeon (2/15)

Altars:

Annotations:
D:2 Terence


Innate Abilities, Weirdness & Mutations

((You are quick and stealthy near water. (Stealth+, EV+, Speed+++)))
Your lower body shifts to a powerful aquatic tail in water.


Message History

You feel sick.
The goblin hits the plant with a +0 dagger.
The plant begins to die.
You see here an adder corpse.
Unknown command.
Unknown command.
You feel sick.
Unknown command.
Found a dagger.
You feel sick.
The kobold throws a stone.
The stone hits you.
Unknown command.
You feel sick.
You are no longer poisoned.
The kobold throws a stone.
The stone barely misses you.
The stone hits the plant.
The plant begins to die.
Unknown command.
A nearby plant withers and dies.
Unknown command.
Unknown command.
The rat bites the plant.
Unknown command.
It was a potion of brilliance.
You feel clever all of a sudden. Terence completely misses you.
A gnoll comes into view. It is wielding a +0 whip.
The gnoll shouts!
You hear a shout!
A gnoll comes into view. It is wielding a +0 halberd.
The gnoll hits you with a +0 whip.
You hit the gnoll.
The gnoll is moderately wounded.
The gnoll closely misses you. Terence hits you with a +0 hand axe!
* * * LOW HITPOINT WARNING * * *
You barely miss the gnoll.
The gnoll is moderately wounded.
The gnoll completely misses you. Terence barely misses you.
You closely miss the gnoll.
The gnoll is moderately wounded.
The gnoll barely misses you. Terence hits you with a +0 hand axe.
* * * LOW HITPOINT WARNING * * *
The gnoll hits you from afar with a +0 halberd!
You die...

......♣....#####......
...♣.♣.PP#.## .. ..
♣♣♣P♣.♣..# . #♣.♣.#r#
.P♣.#.# ##.)#o# .g##K#
#g##.# #@##.## #@##.o#
#g###.# #K###K#
#.##..# #o##.## #r##.#
#.#..# #...##


You could see Terence, 2 gnolls, an orc, a goblin, a kobold and a rat.

Vanquished Creatures
  An adder (D:2)
  A bat (D:1)
  3 endoplasms (D:1)
  2 giant cockroaches (D:1)
  3 goblins (D:1)
  4 hobgoblins (D:1)
  2 ball pythons (D:1)
  2 frilled lizards (D:1)
  4 kobolds (D:1)
  A rat (D:1)
23 creatures vanquished.

Vanquished Creatures (others)
  16 plants (D:2)
16 creatures vanquished.

Grand Total: 39 creatures vanquished

Notes
Turn   | Place    | Note
-------+----------+-------------------------------------------
     0 | D:1      | Demosthentine the Merfolk Gladiator began the quest for the
                  | Orb.
     0 | D:1      | Reached XP level 1. HP: 16/16 MP: 1/1
   217 | D:1      | Reached XP level 2. HP: 23/23 MP: 2/2
   569 | D:1      | Found a faded altar of an unknown god.
  1073 | D:1      | Reached XP level 3. HP: 23/28 MP: 3/3
  1171 | D:2      | Noticed Terence
  1216 | D:2      | Mangled by a gnoll

Illustrated notes

Levels and vault maps discovered:
D:1:      elethiomel_arrival_shortcut, layout_rooms,
          hellmonk_ecumenical_altar_arch_garden, serial_bayou_lagoon_a,
          hangedman_decor_growths
D:2:      wad_woods_settlement, layout_rooms, st_stairs_1, uniq_terence,
          uniq_jessica

Action                   || total
-------------------------++-------
Melee: Trident           ||    82
  Use: Scroll            ||     1
       Potion            ||     1
 Stab: Distracted        ||     1
Armor: Leather armour    ||    11
Dodge: Dodged            ||    45

Table legend: (Time is in decaauts)
 A = Elapsed time spent in this place.
 B = Non-inter-level travel time spent in this place.
 C = Inter-level travel time spent in this place.
 D = Time resting spent in this place.
 E = Time spent auto-exploring this place.
 F = Levels seen in this place.
 G = Mean time per level.
                   A        B        C        D        E       F      G
               +--------+--------+--------+--------+--------+-----+--------+
         Total |   1205 |   1163 |     42 |      0 |    971 |   2 |  602.5 |
       Dungeon |   1205 |   1163 |     42 |      0 |    971 |   2 |  602.5 |
               +--------+--------+--------+--------+--------+-----+--------+

Top non-repeatable levels by time:
     D:1: 1160 daAuts
     D:2: 45 daAuts
